 Dungeon Crawl Stone Soup version 0.19-a0-1792-g28b16ba (webtiles) character file.

791 Amnesiac the Magician (level 7, -1/46 HPs)
             Began as a Mummy Wizard on Oct 4, 2016.
             Was a Follower of Kikubaaqudgha.
             Killed from afar by an orc wizard (12 damage)
             ... with a puff of flame
             ... on level 3 of the Dungeon.
             The game lasted 00:12:22 (5346 turns).

Amnesiac the Magician (Mummy Wizard)                Turns: 5346, Time: 00:12:22

Health: -1/46      AC:  3    Str: 10    XL:     7   Next: 57%
Magic:  13/27      EV: 12    Int: 17    God:    Kikubaaqudgha [*.....]
Gold:   183        SH:  0    Dex: 13    Spells: 8 memorised, 4 levels left

rFire  . . .     SeeInvis .     w - +4 short sword (venom)
rCold  + . .     Gourm    .     a - +0 robe
rNeg   + + +     Faith    .     (no shield)
rPois  ∞         Spirit   .     b - +0 hat
rElec  .         Dismiss  .     (no cloak)
rCorr  .         Reflect  .     i - +0 pair of gloves
MR     .....     Harm     .     (no boots)
Stlth  ++........               (no amulet)
                                x - ring of magical power
                                j - ring of protection from fire

@: very slightly contaminated
A: no food or potions, fire vulnerability, cold resistance 1, negative energy
resistance 3, torment resistance, unbreathing
a: Receive Corpses, Renounce Religion


You were on level 3 of the Dungeon.
You worshipped Kikubaaqudgha.
Kikubaaqudgha was aware of your devotion.
You were not hungry.

You visited 2 branches of the dungeon, and saw 6 of its levels.

You collected 183 gold pieces.

Inventory:

Hand Weapons
 g - a +0 blowgun
 h - a +2 dagger of distortion
 m - a +4 trident of freezing
 w - a +4 short sword of venom (weapon)
Missiles
 n - 6 curare-tipped needles
 t - a throwing net (quivered)
Armour
 a - a +0 robe (worn)
 b - a +0 hat (worn)
 d - a +0 buckler
 i - a +0 pair of gloves (worn)
Rods
 r - a +1 rod of ignition (10/10)
   (You found it on level 5 of the Dungeon)
Jewellery
 j - a ring of protection from fire (left hand)
 x - a ring of magical power (right hand)
Wands
 f - a wand of acid (4/15)
 o - a wand of teleportation (3/9)
Scrolls
 e - 2 scrolls of enchant armour {unknown}
 k - a scroll of recharging {unknown}
 l - 6 scrolls of identify {unknown}
 p - a scroll of teleportation {unknown}
 q - 6 scrolls of remove curse {unknown}
 s - a scroll of random uselessness {unknown}
 u - 2 scrolls of immolation {unknown}
 v - a scroll of enchant weapon {unknown}
Books
 c - a book of Minor Magic

   Spells                             Type                      Level
   a - Magic Dart                     Conjuration                  1
   b - Blink                          Translocation                2
   c - Call Imp                       Summoning                    2
   d - Repel Missiles                 Charms/Air                   2
   e - Slow                           Hexes                        2
   f - Conjure Flame                  Conjuration/Fire             3
   g - Mephitic Cloud                 Conjuration/Poison/Air       3
 y - Kikubaaqudgha's Guide on Unholy Magic
   (Kikubaaqudgha gifted it to you on level 2 of the Dungeon)

   Spells                             Type                      Level
   a - Animate Skeleton               Necromancy                   1
   b - Pain                           Necromancy                   1
   c - Corpse Rot                     Necromancy                   2
   d - Vampiric Draining              Necromancy                   3
   e - Control Undead                 Necromancy                   4


   Skills:
 - Level 1.5 Dodging
 - Level 1.5 Stealth
 - Level 7.5 Spellcasting
 - Level 1.0 Conjurations
 - Level 0.7 Summonings
 + Level 3.7 Necromancy
 - Level 0.7 Translocations


You had 4 spell levels left.
You knew the following spells:

 Your Spells              Type           Power        Failure   Level  Hunger
a - Repel Missiles        Chrm/Air       #.....       21%         2    N/A
b - Blink                 Tloc           N/A          14%         2    N/A
c - Magic Dart            Conj           #...         10%         1    N/A
d - Call Imp              Summ           #.......     14%         2    N/A
e - Mephitic Cloud        Conj/Pois/Air  #.......     30%         3    N/A
f - Vampiric Draining     Necr           ###.......   10%         3    N/A
s - Conjure Flame         Conj/Fire      #.......     30%         3    N/A
z - Pain                  Necr           ###.         2%          1    N/A

Dungeon Overview and Level Annotations

Branches:
Dungeon (5/15)             Temple (1/1) D:5

Altars:
Ashenzari
Cheibriados
Dithmenos
Elyvilon
Fedhas
Gozag
Hepliaklqana
Kikubaaqudgha
Makhleb
Nemelex Xobeh
Okawaru
Qazlal
Ru
Sif Muna
Trog
Uskayaw
Vehumet
Xom
Yredelemnul
Zin
The Shining One


Innate Abilities, Weirdness & Mutations

You do not eat or drink.
Your flesh is vulnerable to fire.
You are immune to poison.
Your flesh is cold resistant. (rC+)
You are immune to negative energy. (rN+++)
You are immune to unholy pain and torment.
You can survive without breathing.


Message History

Kikubaaqudgha accepts your kill.
The orc wizard is engulfed in noxious fumes.
The orc wizard appears confused.
The orc wizard closely misses the orc.
Unknown command.
The orc wizard is engulfed in noxious fumes.
The orc wizard appears confused.
You close the door.
You start resting.
An orc wizard opens the door.
It is wielding a dagger.
Casting: Mephitic Cloud
Confirm with . or Enter, or press ? or * to list all spells.
Aiming: Mephitic Cloud
Press: ? - help, Shift-Dir - straight line, f - orc wizard
Aim: an orc wizard, wielding a dagger and wearing a robe (moderately wounded)
You miscast Mephitic Cloud.
The air around you crackles with energy!
The orc wizard points at you and mumbles some strange words.
The puff of flame hits you!
You die...
Kikubaaqudgha rasps: "You have failed me!
Welcome... oblivion!"

###### #..... ######
#.....
#....###########.....
#)..@'o..).....'.....
#....###########.....
#....# #.........
######## #.###.....
#..<.###### #.# #.#'##
#.##......####.###.#.#
#.######.##....#...#.#
#.........#'####.###'##
##...........# #.......


You could see an orc wizard.

Vanquished Creatures
  An orc warrior (D:3)
  An ogre (D:4)
  Blork the orc (D:4)
  2 scorpions (D:4)
  The ghost of 4thArraOfDagon the Slasher, a weakling MiMo (D:4)
  A howler monkey (D:4)
  A bullfrog zombie (D:5)
  An orc priest (D:3)
  An orc wizard (D:4)
  Natasha (thrice) (D:2)
  A howler monkey skeleton (D:4)
  6 adders
  3 gnolls (D:2)
  4 worms
  3 dart slugs
  4 leopard geckos
  5 orcs
  A ball python (D:2)
  6 bats
  6 giant cockroaches
  4 goblins
  7 hobgoblins
  9 jackals
  2 quokkas (D:4)
  3 frilled lizards (D:1)
  10 kobolds
  7 rats
94 creatures vanquished.

Vanquished Creatures (collateral kills)
  A necrophage (D:4)
  Ijyb (D:3)
  An iguana (D:4)
  Terence (D:3)
  An adder (D:2)
  A jackal (D:4)
6 creatures vanquished.

Grand Total: 100 creatures vanquished

Notes
Turn   | Place    | Note
-------+----------+-------------------------------------------
     0 | D:1      | Amnesiac the Mummy Wizard began the quest for the Orb.
     0 | D:1      | Reached XP level 1. HP: 13/13 MP: 4/4
   360 | D:1      | Reached skill level 1 in Conjurations
   390 | D:2      | Reached XP level 2. HP: 19/19 MP: 3/6
   394 | D:2      | Learned a level 2 spell: Call Imp
   624 | D:3      | Noticed Terence
   648 | D:3      | Killed Terence
   850 | D:3      | Reached XP level 3. HP: 24/24 MP: 0/8
   855 | D:3      | Learned a level 3 spell: Mephitic Cloud
   859 | D:3      | Learned a level 3 spell: Conjure Flame
   921 | D:3      | Reached skill level 4 in Spellcasting
  1511 | D:3      | Noticed Ijyb
  1534 | D:3      | Killed Ijyb
  1614 | D:4      | Reached XP level 4. HP: 30/30 MP: 8/10
  1618 | D:4      | Learned a level 2 spell: Repel Missiles
  1693 | D:4      | Noticed Blork the orc
  1813 | D:4      | Noticed 4thArraOfDagon's ghost (weakling MiMo)
  1855 | D:4      | Killed 4thArraOfDagon's ghost
  1855 | D:4      | Reached skill level 5 in Spellcasting
  1917 | D:4      | Reached XP level 5. HP: 8/35 MP: 1/12
  2486 | D:4      | Noticed an ogre
  2496 | D:4      | Killed an ogre
  2496 | D:4      | Reached skill level 6 in Spellcasting
  2627 | D:4      | Reached XP level 6. HP: 41/41 MP: 12/15
  2786 | D:4      | Killed Blork the orc
  2833 | D:5      | Entered Level 5 of the Dungeon
  2846 | D:4      | Reached skill level 7 in Spellcasting
  2890 | D:5      | Reached XP level 7. HP: 42/46 MP: 13/17
  2902 | D:5      | Found a staircase to the Ecumenical Temple.
  2911 | Temple   | Entered the Ecumenical Temple
  3073 | Temple   | Became a worshipper of Kikubaaqudgha
  3824 | D:1      | Identified a +1 rod of ignition (10/10) (You found it on level 5 of the Dungeon)
  4100 | D:2      | Reached * piety under Kikubaaqudgha
  4100 | D:2      | Identified Kikubaaqudgha's Guide on Unholy Magic (Kikubaaqudgha gifted it to you on level 2 of the Dungeon)
  4100 | D:2      | Received a gift from Kikubaaqudgha
  4103 | D:2      | Reached skill level 1 in Necromancy
  4104 | D:2      | Learned a level 1 spell: Pain
  4218 | D:2      | Learned a level 3 spell: Vampiric Draining
  4221 | D:2      | Learned a level 2 spell: Blink
  4493 | D:2      | Noticed Natasha
  4498 | D:2      | Killed Natasha
  5209 | D:2      | Noticed Natasha
  5214 | D:2      | Killed Natasha
  5219 | D:2      | Noticed Natasha
  5228 | D:2      | Killed Natasha
  5346 | D:3      | Killed from afar by an orc wizard

Vault maps used:
D:1:      elethiomel_arrival_quiet
D:2:      serial_glass, glass_columns_b, glass_columns_b, uniq_natasha
D:3:      first_bread, uniq_terence, uniq_iyjb
D:4:      minmay_misc_feat_diagonals, uniq_blork_the_orc
D:5:      okawaru_altar_gauntlet_db, uniq_pikel
Temple:   regret_index_temple_sigil_plot

Skill      XL: |  1  2  3  4  5  6  7 |
---------------+----------------------+-----
Conjurations   | 1 |  1.0
Spellcasting   | 4 5 6 7 |  7.5
Necromancy     | 3 |  3.7
Dodging        | |  1.5
Stealth        | |  1.5
Summonings     | |  0.7
Translocations | |  0.7

Action                   |  1- 3 |  4- 6 |  7- 9 || total
-------------------------+-------+-------+-------++-------
Melee: Unarmed           |    11 |       |       ||    11
       Blowgun           |       |     5 |       ||     5
       Short sword       |       |       |    30 ||    30
 Fire: Blowgun           |     5 |    22 |     3 ||    30
 Cast: Magic Dart        |    48 |    46 |    92 ||   186
       Call Imp          |     8 |    12 |       ||    20
       Conjure Flame     |       |     3 |     2 ||     5
       Repel Missiles    |       |     1 |       ||     1
       Mephitic Cloud    |       |     1 |     3 ||     4
       Pain              |       |       |    56 ||    56
       Blink             |       |       |     1 ||     1
Evoke: Wand              |       |     1 |       ||     1
       Rod               |       |       |     1 ||     1
Armor: Robe              |     7 |    12 |    20 ||    39
Dodge: Dodged            |    37 |    25 |    67 ||   129
       Deflected         |       |       |     1 ||     1
